 Dungeon Crawl Stone Soup version 0.21.1-1-g345015f (webtiles) character file.

2166 Fang the Cleaver (level 9, -3/84 HPs)
             Began as a Gargoyle Berserker on June 1, 2018.
             Was a Priest of Trog.
             Slain by a bullfrog (7 damage)
             ... on level 6 of the Dungeon.
             The game lasted 00:06:05 (6875 turns).

Fang the Cleaver (Gargoyle Berserker)               Turns: 6875, Time: 00:06:06

Health: -3/84      AC:  9    Str: 30    XL:     9   Next: 32%
Magic:  9/9        EV: 14    Int:  9    God:    Trog [***...]
Gold:   388        SH:  0    Dex:  9    Spells: 8/8 levels left

rFire    . . .     SeeInvis .   a - +1 hand axe
rCold    . . .     Gourm    .   (no shield)
rNeg     + . .     Faith    .   j - +1 robe {MR+}
rPois    ∞         Spirit   .   (no helmet)
rElec    +         Reflect  .   (no cloak)
rCorr    .         Harm     .   (no gloves)
MR       +....                  (no boots)
Stlth    ..........             (no amulet)
HPRegen  0.24/turn              v - +2 ring of strength
MPRegen  0.11/turn              (no ring)

@: berserking, marked, very quick
A: negative energy resistance 1, electricity resistance, unbreathing,
petrification resistance, rot immunity, AC +6
a: Berserk, Trog's Hand, Burn Spellbooks, Renounce Religion


You were on level 6 of the Dungeon.
You worshipped Trog.
Trog was most pleased with you.
You were very hungry.

You visited 1 branch of the dungeon, and saw 6 of its levels.

You collected 388 gold pieces.

Inventory:

Hand Weapons
 a - a +1 hand axe (weapon)
Armour
 j - a +1 robe of magic resistance (worn)
Jewellery
 v - a +2 ring of strength (left hand)
Wands
 b - a wand of digging (18)
 u - a wand of polymorph (12)
Scrolls
 g - a scroll of blinking {unknown}
 i - 2 scrolls of identify
 l - a scroll of remove curse
Potions
 d - a potion of resistance
 e - a potion of might
 f - a potion of mutation {unknown}
 h - a potion of curing {unknown}
 k - a potion of flight
 m - 2 potions of brilliance
 o - a potion of heal wounds {unknown}
 p - a potion of berserk rage {unknown}
Books
 n - a book of Air

   Spells                             Type                      Level
   a - Shock                          Conjuration/Air              1
   b - Swiftness                      Charms/Air                   2
   c - Static Discharge               Conjuration/Air              3
   d - Airstrike                      Air                          4
   e - Lightning Bolt                 Conjuration/Air              5
   Trog disapproves of the use of such an item.
 q - a book of Spatial Translocations

   Spells                             Type                      Level
   a - Blink                          Translocation                2
   b - Shroud of Golubria             Charms/Translocation         2
   c - Lesser Beckoning               Translocation                3
   d - Gell's Gravitas                Translocation                3
   e - Teleport Other                 Translocation                3
   f - Passage of Golubria            Translocation                4
   Trog disapproves of the use of such an item.
Comestibles
 c - 10 rations


   Skills:
 + Level 6.7 Fighting
 + Level 8.3 Axes
 + Level 2.4 Armour
 + Level 5.2 Dodging
 + Level 3.0 Stealth


You had 8 spell levels left.
You didn't know any spells.

Dungeon Overview and Level Annotations

Branches:
Dungeon (6/15)             Temple (0/1) D:5

Altars:
Fedhas
Gozag
Qazlal
Ru

Shops:
D:4 *


Innate Abilities, Weirdness & Mutations

You are resistant to torment.
Your stone body is resilient. (AC +6)
You are immune to poison.
You resist negative energy. (rN+)
You are resistant to electric shocks. (rElec)
You can survive without breathing.
You are immune to petrification.
You are immune to rotting.


Message History

Your experience leads to an increase in your attributes!
Your base attributes are Str 22, Int 9, Dex 9.
Increase (S)trength, (I)ntelligence, or (D)exterity?
You feel stronger.
You slash the bullfrog!
The bullfrog is heavily wounded.
The bullfrog misses you.
You hit the bullfrog.
The bullfrog is severely wounded.
You slice the bullfrog!!
You kill the bullfrog!
Trog accepts your kill.
Your Stealth skill increases to level 3!
You slice the bullfrog!!
The bullfrog is almost dead.
The bullfrog misses you.
You closely miss the bullfrog.
The bullfrog is almost dead.
The bullfrog hits you!
You die...

####.#########
#...)...#
#............#
#.......#
#.##.#######.#
###...### ###.##.###
#.# #...# #.........#
#.# ##.### ##.#....##.#
#.####.#.# ##.....###
#.....###..
.......####.####...##.#
#.#
##.....(.......F@..#
#.# .#
###.#..####.######.# .#
# .......# #.# #
#####..# # #.# #....
.## ... #.####.... ...
## #.......## .## .#
#......... .# .#
#..###.###


You could see a bullfrog.

Vanquished Creatures
  A two-headed ogre (D:6)
  An ice beast (D:6)
  An orc warrior (D:5)
  The ghost of meatyocre the Ruffian, an amateur TrMo (D:3)
  2 phantoms
  An ogre (D:4)
  2 bullfrogs (D:6)
  A scorpion (D:6)
  2 howler monkeys
  3 crimson imps (D:5)
  A gnoll shaman (D:4)
  2 hounds
  3 orc priests
  A centaur skeleton (D:6)
  2 bullfrog skeletons
  3 orc wizards
  4 worker ants
  A hound zombie (D:6)
  5 gnolls (D:4)
  5 adders
  An ooze (D:1)
  An adder zombie (D:5)
  3 leopard geckos
  13 orcs
  3 ball pythons
  A giant cockroach (D:2)
  4 goblins
  10 hobgoblins
  6 jackals
  9 kobolds
  3 quokkas
  11 bats
  6 frilled lizards
  A leopard gecko skeleton (D:5)
  4 rats
118 creatures vanquished.

Notes
Turn   | Place    | Note
-------+----------+-------------------------------------------
     0 | D:1      | Fang the Gargoyle Berserker began the quest for the Orb.
     0 | D:1      | Reached XP level 1. HP: 14/14 MP: 1/1
   161 | D:1      | Reached XP level 2. HP: 14/19 MP: 2/2
   325 | D:1      | Reached skill level 3 in Axes
   674 | D:1      | Reached ** piety under Trog
   700 | D:1      | Reached XP level 3. HP: 21/24 MP: 3/3
  1282 | D:2      | Found a faded altar of an unknown god.
  1305 | D:2      | Reached XP level 4. HP: 25/29 MP: 4/4
  1356 | D:2      | Found an opulent altar of Gozag.
  2275 | D:3      | Reached XP level 5. HP: 31/33 MP: 5/5
  2316 | D:3      | Noticed meatyocre's ghost (amateur TrMo)
  2329 | D:3      | Killed meatyocre's ghost
  2329 | D:3      | Reached skill level 4 in Axes
  2410 | D:3      | Reached XP level 6. HP: 26/39 MP: 6/6
  3035 | D:4      | Noticed a phantom
  3130 | D:4      | Killed a phantom
  3130 | D:4      | Reached skill level 5 in Axes
  3224 | D:4      | Found Bualeulu's General Store.
  3360 | D:4      | Reached skill level 1 in Stealth
  3368 | D:4      | Reached XP level 7. HP: 44/44 MP: 7/7
  3579 | D:4      | Reached *** piety under Trog
  3644 | D:4      | Reached skill level 5 in Fighting
  4160 | D:4      | Reached skill level 6 in Axes
  4601 | D:5      | Entered Level 5 of the Dungeon
  4781 | D:5      | Reached XP level 8. HP: 36/49 MP: 8/8
  4811 | D:5      | Found a staircase to the Ecumenical Temple.
  5182 | D:5      | HP: 2/50 [orc wizard/dagger of protection (2)]
  6215 | D:6      | Found a sacrificial altar of Ru.
  6361 | D:6      | Reached skill level 7 in Axes
  6544 | D:6      | Found a stormy altar of Qazlal.
  6642 | D:6      | Found a blossoming altar of Fedhas.
  6861 | D:6      | Noticed a two-headed ogre
  6868 | D:6      | HP: 3/76 [two-headed ogre/giant club (25)]
  6870 | D:6      | Killed a two-headed ogre
  6870 | D:6      | Reached skill level 8 in Axes
  6870 | D:6      | Reached skill level 5 in Dodging
  6870 | D:6      | Reached XP level 9. HP: 4/56 MP: 9/9
  6875 | D:6      | Slain by a bullfrog

Skill      XL: |  1  2  3  4  5  6  7  8  9 |
---------------+----------------------------+-----
Axes           | 3 4 5 6 8 |  8.3
Dodging        | 2 3 5 |  5.2
Fighting       | 4 5 6 |  6.7
Stealth        | 1 2 3 |  3.0
Armour         | |  2.4

Action                   |  1- 3 |  4- 6 |  7- 9 || total
-------------------------+-------+-------+-------++-------
Melee: Hand axe          |   122 |   204 |   263 ||   589
Invok: Berserk           |     1 |     4 |     4 ||     9
       Burn Spellbooks   |       |       |     1 ||     1
  Use: Scroll            |       |       |     7 ||     7
       Potion            |       |       |     5 ||     5
 Stab: Sleeping          |       |     1 |     1 ||     2
  Eat: Chunk             |     2 |     7 |     7 ||    16
       Ration            |       |     1 |     2 ||     3
Armor: Animal skin       |    61 |     6 |       ||    67
       Robe              |       |    73 |    81 ||   154
       Skin              |       |       |     2 ||     2
Dodge: Dodged            |   104 |   137 |   144 ||   385
